 Dungeon Crawl Stone Soup version 0.19-a0-1513-gf6d23ed (webtiles) character file.

21896 GameOver the Destroyer (level 12, -1/88 HPs)
             Began as a Naga Wizard on Sept 12, 2016.
             Was a High Priest of Okawaru.
             Slain by a freezing wraith (23 damage)
             ... in an ice cave.
             The game lasted 02:18:54 (13626 turns).

GameOver the Destroyer (Naga Wizard)               Turns: 13626, Time: 02:18:55

Health: -1/88      AC: 11    Str: 10    XL:     12   Next: 94%
Magic:  35/43      EV:  9    Int: 23    God:    Okawaru [*****.]
Gold:   121        SH:  0    Dex: 10    Spells: 8 memorised, 6 levels left

rFire  . . .     SeeInvis +     r - +9 rapier "Ylout" {pierce, rPois SInv}
rCold  . . .     Gourm    .     I - +0 leather armour
rNeg   . . .     Faith    .     (no shield)
rPois  +         Spirit   .     p - +1 helmet
rElec  .         Dismiss  +     (no cloak)
rCorr  .         Reflect  .     K - +2 pair of gloves
MR     +....     Harm     .     (no barding)
Stlth  +++.......               h - amulet of dismissal
                                k - ring of magical power
                                a - ring of magical power

@: slowed, very slow
A: see invisible, deformed body, poison resistance, slowness 2, slow metabolism
1, spit poison 1, AC +4
a: Spit Poison, Heroism, Finesse, Renounce Religion


You were in an ice cave.
You worshipped Okawaru.
Okawaru was extremely pleased with you.
You were not hungry.

You visited 3 branches of the dungeon, and saw 15 of its levels.
You also visited: Ice Cave.

You collected 751 gold pieces.
You spent 630 gold pieces at shops.

Inventory:

Hand Weapons
 b - a +1 battleaxe
 d - a +5 greatsling of flaming
 m - a +0 trident of protection
 r - the +9 rapier "Ylout" (weapon) {pierce, rPois SInv}
   (You found it on level 11 of the Dungeon)

   It inflicts extra damage upon your enemies.
   It protects you from poison.
   It lets you see invisible.
 F - a +4 flail
Armour
 p - a +1 helmet (worn)
 I - a +0 leather armour (worn)
 K - a +2 pair of gloves (worn)
Rods
 H - a +1 rod of inaccuracy (16/16)
   (You took it off an orc warrior on level 8 of the Dungeon)
Jewellery
 a - a ring of magical power (left hand)
 h - an amulet of dismissal (around neck)
 k - a ring of magical power (right hand)
 v - an uncursed ring of wizardry
Wands
 V - a wand of acid (6/15)
Scrolls
 f - 2 scrolls of teleportation
 g - 14 scrolls of remove curse
 j - a scroll of amnesia
 n - a scroll of enchant armour
 o - a scroll of enchant weapon
 E - a scroll of recharging
Potions
 e - 7 potions of flight
 i - 3 potions of might
 l - a potion of heal wounds
 q - 2 potions of haste
 u - 4 potions of curing
 O - a potion of resistance
 P - a potion of brilliance
 Q - a potion of agility
Books
 c - a book of Clouds

   Spells                             Type                      Level
   a - Mephitic Cloud                 Conjuration/Poison/Air       3
   b - Conjure Flame                  Conjuration/Fire             3
   c - Poisonous Cloud                Conjuration/Poison/Air       6
   d - Freezing Cloud                 Conjuration/Ice/Air          6
   e - Ring of Flames                 Charms/Fire                  7
Comestibles
 x - 6 meat rations


   Skills:
 + Level 2.5 Short Blades
 - Level 6.0 Armour
 - Level 1.5 Dodging
 - Level 5.4 Stealth
 + Level 9.1 Spellcasting
 + Level 11.0 Conjurations
 - Level 4.0 Charms
   Level 1.0 Summonings
 - Level 4.0 Translocations
 * Level 4.2 Ice Magic
 + Level 10.5 Air Magic
 - Level 5.0 Poison Magic


You had 6 spell levels left.
You knew the following spells:

 Your Spells              Type           Power        Failure   Level  Hunger
a - Magic Dart            Conj           ####         1%          1    None
b - Apportation           Tloc           ####......   1%          1    None
c - Blink                 Tloc           N/A          2%          2    None
d - Mephitic Cloud        Conj/Pois/Air  ######..     1%          3    None
e - Freezing Cloud        Conj/Ice/Air   ######....   38%         6    ######.
f - Conjure Flame         Conj/Fire      #####...     2%          3    None
s - Lightning Bolt        Conj/Air       ######....   2%          5    ####...
z - Repel Missiles        Chrm/Air       #####.       1%          2    None


Dungeon Overview and Level Annotations

Branches:
Dungeon (11/15)            Temple (1/1) D:7            Lair (3/6) D:8
 Shoals (0/4) Lair:2        Snake (0/4) Lair:3
    Orc: D:9-12

Altars:
Ashenzari
Cheibriados
Dithmenos
Elyvilon
Fedhas
Gozag
Hepliaklqana
Kikubaaqudgha
Makhleb
Nemelex Xobeh
Okawaru
Qazlal
Ru
Sif Muna
Trog
Uskayaw
Vehumet
Xom
Yredelemnul
Zin
The Shining One

Shops:
D:4 :   D:8 =   D:10 (   D:11 *

Annotations:
D:11 Gastronok


Innate Abilities, Weirdness & Mutations

You cannot wear boots.
Your serpentine skin is tough. (AC +4)
You have supernaturally acute eyesight. (SInv)
Armour fits poorly on your strangely shaped body.
Your system is resistant to poisons. (rPois)
You cover ground very slowly.
You have a slow metabolism.
You can spit poison.


Message History

You hear a mighty clap of thunder!
The bolt of lightning hits the freezing wraith.
You destroy the freezing wraith!
Okawaru accepts your kill.
The bolt of lightning hits the freezing wraith.
The freezing wraith is heavily damaged.
The bolt of lightning hits the freezing wraith.
The freezing wraith is almost destroyed.
The bolt of lightning hits you!
Unknown command.
Unknown command.
You hit the freezing wraith but do no damage.
The freezing wraith is almost destroyed.
The freezing wraith hits you! The freezing wraith freezes you!
The freezing wraith hits you. The freezing wraith drains your vigour!
You feel as though you will be slow longer.
The freezing wraith hits you!
* * * LOW HITPOINT WARNING * * *
The freezing wraith freezes you!!
You die...

##....#####..####.....##
##..## #### #......#
#### ##....## ##...# ###
## ##..## ##.## ##.##
##..# ##...# #...##
#..####....# #.....#W.#
#...#...#..# ..W.. #.@##
##.....##..# .... ##..#
##...###.## ... #..##
######..# .. ##..#
##..## . #..## ##...#
##..# ##...##
##.####...## #..##...##
##..#..##


You could see a freezing wraith.

Vanquished Creatures
  4 hydras
  The ghost of GameOver the Transmogrifier, a novice NaTm of Okawaru (D:9)
  A hill giant (D:10)
  A manticore (D:11)
  Joseph (D:7)
  A black mamba (Lair:2)
  A spiny frog (Lair:3)
  A komodo dragon (Lair:1)
  4 rime drakes
  8 freezing wraiths (IceCv)
  A two-headed ogre (D:9)
  A blink frog (Lair:2)
  22 yaks
  4 hippogriffs
  3 death yak simulacra (IceCv)
  2 basilisks
  2 hungry ghosts
  3 vampire mosquitoes
  3 insubstantial wisps (Lair:2)
  Duvessa (D:4)
  4 porcupines
  8 water moccasins
  3 sky beasts
  4 orc warriors
  A black bear (D:7)
  2 phantoms (D:8)
  9 ice beasts
  5 necrophages (Lair:3)
  5 ogres
  8 centaurs
  5 crocodiles
  2 big kobolds
  10 giant frogs
  A wyvern zombie (D:6)
  Dowan (D:4)
  4 scorpions
  6 killer bees (D:10)
  4 wights (D:11)
  2 giant frog zombies
  A howler monkey (D:8)
  4 crimson imps
  A centaur zombie (D:9)
  3 jellies
  3 orc priests
  5 hounds
  3 orc wizards
  2 giant frog skeletons
  3 iguanas
  A hell rat (Lair:1)
  8 worker ants
  A wolf simulacrum (IceCv)
  A howler monkey zombie (D:6)
  3 worker ant zombies
  Robin (D:2)
  2 river rats (Lair:1)
  17 adders
  4 shadow imps
  7 white imps (IceCv)
  2 adder zombies
  3 adder skeletons
  2 worms
  5 dart slugs
  21 orcs
  11 bats
  4 giant cockroaches
  15 goblins
  13 hobgoblins
  16 jackals
  9 quokkas
  2 ball pythons (D:7)
  2 giant gecko skeletons
  5 giant newts
  21 kobolds
  A quokka skeleton (D:4)
  A quokka zombie (D:8)
  21 rats
  2 plants (Lair:2)
375 creatures vanquished.

Vanquished Creatures (collateral kills)
  A black mamba (Lair:3)
  A rime drake (Lair:2)
2 creatures vanquished.

Vanquished Creatures (others)
  A centaur (Lair:2)
  A worker ant (D:8)
  7 fungi
  2 plants (Lair:3)
11 creatures vanquished.

Grand Total: 388 creatures vanquished

Notes
Turn   | Place    | Note
-------+----------+-------------------------------------------
     0 | D:1      | GameOver the Naga Wizard began the quest for the Orb.
     0 | D:1      | Reached XP level 1. HP: 15/15 MP: 4/4
   194 | D:1      | Reached XP level 2. HP: 20/22 MP: 1/6
   297 | D:1      | Reached skill level 2 in Conjurations
   485 | D:1      | You fall through a shaft!
   561 | D:2      | Reached XP level 3. HP: 28/28 MP: 7/7
   730 | D:2      | Found a shadowy altar of Dithmenos.
   765 | D:2      | Learned a level 3 spell: Mephitic Cloud
   835 | D:2      | Noticed Robin
   906 | D:2      | Reached XP level 4. HP: 24/36 MP: 1/8
  1224 | D:1      | Reached skill level 1 in Poison Magic
  1663 | D:2      | Reached skill level 3 in Conjurations
  1719 | D:2      | Reached skill level 1 in Air Magic
  1759 | D:2      | Killed Robin
  1989 | D:3      | Reached XP level 5. HP: 41/42 MP: 3/9
  2226 | D:3      | Reached skill level 5 in Stealth
  2372 | D:3      | Learned a level 2 spell: Blink
  2377 | D:3      | Found a stormy altar of Qazlal.
  2689 | D:4      | Found Asothry's Book Emporium.
  2786 | D:4      | Noticed Duvessa
  2786 | D:4      | Noticed Dowan
  2823 | D:4      | Found a shattered altar of Ashenzari.
  2945 | D:4      | Reached XP level 6. HP: 43/49 MP: 10/10
  2983 | D:4      | Found a white marble altar of Elyvilon.
  3323 | D:4      | Killed Duvessa
  3323 | D:4      | Reached skill level 4 in Conjurations
  3336 | D:4      | Killed Dowan
  3435 | D:5      | Entered Level 5 of the Dungeon
  3445 | D:5      | Noticed an ice beast
  3551 | D:4      | Killed an ice beast
  3551 | D:4      | Reached XP level 7. HP: 48/55 MP: 4/11
  3676 | D:5      | Reached skill level 5 in Conjurations
  3889 | D:5      | Found a hide-covered altar of Uskayaw.
  4081 | D:5      | Reached skill level 6 in Conjurations
  4276 | D:6      | Reached XP level 8. HP: 47/62 MP: 12/12
  4303 | D:6      | Reached skill level 5 in Poison Magic
  4822 | D:6      | Reached skill level 7 in Conjurations
  5230 | D:7      | Reached skill level 5 in Air Magic
  5344 | D:7      | Noticed Joseph
  5375 | D:7      | Reached XP level 9. HP: 53/68 MP: 13/13
  5486 | D:7      | Reached skill level 8 in Conjurations
  5503 | D:7      | Killed Joseph
  5540 | D:7      | Found a staircase to the Ecumenical Temple.
  6093 | D:7      | Reached skill level 1 in Armour
  6127 | D:8      | Found a staircase to the Lair.
  6171 | D:8      | Found a sacrificial altar of Ru.
  6172 | D:8      | Found Aleozoa's Jewellery Boutique.
  6310 | D:8      | Reached skill level 9 in Conjurations
  6379 | D:8      | Learned a level 2 spell: Repel Missiles
  6475 | D:8      | Learned a level 5 spell: Lightning Bolt
  6569 | D:8      | Reached XP level 10. HP: 33/75 MP: 2/16
  7185 | D:9      | Reached skill level 10 in Conjurations
  7185 | D:9      | Reached skill level 1 in Charms
  7394 | D:9      | Noticed GameOver's ghost (novice NaTm)
  7454 | D:10     | Entered Level 10 of the Dungeon
  7471 | D:10     | Reached skill level 5 in Spellcasting
  7672 | Temple   | Entered the Ecumenical Temple
  7687 | Temple   | Became a worshipper of Warmaster Okawaru
  7913 | Lair:1   | Entered Level 1 of the Lair of Beasts
  7913 | Lair:1   | Noticed a six-headed hydra
  7919 | Lair:1   | Killed a six-headed hydra
  7919 | Lair:1   | Reached * piety under Okawaru
  8147 | Lair:1   | Reached ** piety under Okawaru
  8147 | Lair:1   | Reached XP level 11. HP: 81/81 MP: 17/19
  8274 | Lair:1   | Identified a -1 rod of inaccuracy (14/14) (You took it off an orc warrior on level 8 of the Dungeon)
  8759 | Lair:2   | Found a staircase to the Shoals.
  8831 | Lair:1   | HP: 1/81 [vampire mosquito (12)]
  9204 | Lair:2   | Reached *** piety under Okawaru
  9292 | Lair:2   | Reached skill level 5 in Armour
  9358 | Lair:2   | Noticed a seven-headed hydra
  9714 | Lair:3   | Learned a level 1 spell: Apportation
  9731 | Lair:3   | Noticed an eight-headed hydra
  9737 | Lair:3   | Killed an eight-headed hydra
  9737 | Lair:3   | Reached **** piety under Okawaru
 10077 | Lair:3   | Found a staircase to the Snake Pit.
 10245 | Lair:3   | Reached ***** piety under Okawaru
 10363 | Lair:3   | Reached XP level 12. HP: 7/88 MP: 16/23
 10578 | Lair:3   | Noticed a death yak
 10585 | Lair:3   | Noticed a death yak
 10585 | Lair:3   | Noticed a death yak
 10586 | Lair:3   | Noticed a death yak
 10586 | Lair:3   | Noticed a death yak
 10586 | Lair:3   | Noticed a death yak
 10649 | Lair:1   | Noticed a five-headed hydra
 10673 | Lair:1   | Killed a five-headed hydra
 10772 | Lair:2   | Received a gift from Okawaru
 10923 | Lair:2   | Killed a seven-headed hydra
 11095 | Lair:2   | Reached skill level 10 in Air Magic
 11510 | D:4      | Bought a book of Clouds for 630 gold pieces
 11517 | D:4      | Learned a level 6 spell: Freezing Cloud
 11768 | D:9      | Found a shimmering altar of Xom.
 11856 | D:9      | Killed GameOver's ghost
 11856 | D:9      | Reached skill level 1 in Ice Magic
 12537 | D:10     | Found Uquefav's Weapon Emporium.
 12589 | D:11     | Noticed Gastronok
 12682 | D:11     | Found Waimpeo's Assorted Antiques.
 12791 | D:11     | Got a polished rapier
 12792 | D:11     | Identified the +9 rapier "Ylout" {pierce, rPois SInv} (You found it on level 11 of the Dungeon)
 12807 | D:11     | Found a frozen archway.
 12830 | IceCv    | Entered an ice cave
 12903 | IceCv    | Reached skill level 1 in Short Blades
 13018 | IceCv    | Learned a level 3 spell: Conjure Flame
 13246 | IceCv    | Received a gift from Okawaru
 13310 | IceCv    | Reached skill level 11 in Conjurations
 13626 | IceCv    | Slain by a freezing wraith

Vault maps used:
D:1:      lightli_arrival_farm
D:2:      lemuel_crystal_altar, uniq_robin
D:3:      nicolae_qazlal_general_emergency, first_bread
D:4:      nicolae_overflow_crystal_walls, nicolae_ashenzari_panopticon,
          serial_shops, shop, uniq_duvessa
D:5:      overflow_temple_1_default
D:7:      lightli_corner_chamber, uniq_joseph
D:8:      minmay_imperfect_grid, overflow_temple_1_default, lair_0_dummy,
          serial_shops, nicolae_shop_crystal
D:9:      tgw_xom
D:10:     serial_shops, kennysheep_mini_moat
D:11:     portal_ice_cave_rime, serial_shops, shop,
          hangedman_little_slice_of_home, uniq_gastronok
Temple:   eino_narrow_crystal_temple
Lair:1:   kennysheep_abandoned_house
Lair:2:   minmay_shoals_entry_centaurs, pond
Lair:3:   dummy_snake_entry, roderic_carrion_pond
IceCv:    ice_cave_small_necro

Skill      XL: |  1  2  3  4  5  6  7  8  9 10 11 12 |
---------------+-------------------------------------+-----
Conjurations   | 2 3 4 6 7 9 10 11 | 11.0
Stealth        | 4 5 |  5.4
Poison Magic   | 1 2 3 4 5 |  5.0
Air Magic      | 1 2 3 5 6 7 9 10 | 10.5
Translocations | 3 4 |  4.0
Armour         | 2 4 6 |  6.0
Spellcasting   | 4 5 7 9 |  9.1
Charms         | 3 4 |  4.0
Ice Magic      | 4 |  4.2
Short Blades   | 2 |  2.5
Dodging        | |  1.5
Summonings     | |  1.0

Action                   |  1- 3 |  4- 6 |  7- 9 | 10-12 || total
-------------------------+-------+-------+-------+-------++-------
Melee: Whip              |     9 |       |       |       ||     9
       Dagger            |     2 |       |       |       ||     2
       Spear             |     3 |     2 |       |       ||     5
       Falchion          |       |    42 |   120 |    38 ||   200
       Flail             |       |       |    46 |   261 ||   307
       Rapier            |       |       |       |    26 ||    26
       Trident           |       |       |       |    19 ||    19
 Cast: Magic Dart        |    39 |    83 |   126 |   194 ||   442
       Mephitic Cloud    |       |     5 |    49 |    95 ||   149
       Blink             |       |     5 |     8 |     2 ||    15
       Lightning Bolt    |       |       |     2 |   116 ||   118
       Repel Missiles    |       |       |     1 |     1 ||     2
Invok: Heroism           |       |       |       |     4 ||     4
 Abil: Spit Poison       |    34 |    58 |    59 |   110 ||   261
Evoke: Wand              |       |       |       |     3 ||     3
       Rod               |       |       |       |    10 ||    10
  Use: Scroll            |       |     6 |     6 |    17 ||    29
       Potion            |       |     1 |     1 |    11 ||    13
 Stab: Sleeping          |     1 |       |     2 |     2 ||     5
       Confused          |       |       |     6 |    21 ||    27
       Paralysed         |       |       |       |     5 ||     5
  Eat: Chunk             |     1 |     9 |    14 |    32 ||    56
       Bread ration      |       |     1 |       |     1 ||     2
       Beef jerky        |       |       |     2 |     2 ||     4
       Meat ration       |       |       |       |     4 ||     4
Armor: Robe              |     9 |     2 |       |       ||    11
       Skin              |       |    10 |    34 |       ||    44
       Leather armour    |       |       |    42 |   180 ||   222
Dodge: Dodged            |    24 |    37 |    87 |   192 ||   340
       Deflected         |       |       |     2 |     7 ||     9
